 Dungeon Crawl Stone Soup version 0.30.0-29-ga12c61a403 (webtiles) character file.

Game seed: 15124144167869713529

394 LustLizard the Digger (level 6, -2/36 (39) HPs)
             Began as an Octopode Earth Elementalist on June 13, 2023.
             Slain by a hell rat (13 damage)
             ... in a sewer.
             The game lasted 00:05:22 (3641 turns).

LustLizard the Digger (Octopode Earth Elementalist) Turns: 3641, Time: 00:05:23

HP:   -2/36 (39)    AC:  1    Str:  9    XL:     6   Next: 81%
MP:   2/10          EV: 13    Int: 18    God:
Gold: 199           SH:  0    Dex: 12    Spells: 6/10 levels left

rFire   + . .        (no weapon)
rCold   . . .        (no shield)
rNeg    . . .        (helmet restricted)
rPois   .            l - amulet of magic regeneration
rElec   .            c - ring of protection from fire
rCorr   .            (no ring)
SInv    .            (no ring)
Will    .....        (no ring)
Stlth   ++++         (no ring)
HPRegen 0.26/turn    (no ring)
MPRegen 0.52/turn    (no ring)
                     (no ring)

%: no passive effects
@: very slightly contaminated, drained
A: almost no armour, amphibious, 8 rings, camouflage 1, gelatinous body 1,
nimble swimmer 1, tentacles
a: no special abilities


You were in a sewer.
You visited 1 branch of the dungeon, and saw 4 of its levels.
You also visited: Sewer.

You collected 199 gold pieces.

Inventory:

Missiles
 s - a throwing net
Armour
 u - the sphere of Battle
   (You found it on level 4 of the Dungeon)

   It enhances your destructive magic.
   It weakens your non-destructive magic.
   It summons a battlesphere in combat, with strength depending on Conjurations
   skill.
Jewellery
 c - a ring of protection from fire (left tentacle)
 l - an amulet of magic regeneration (around mantle)
 w - an amulet of regeneration
Scrolls
 f - a scroll of blinking {unknown}
 h - 3 scrolls of enchant weapon {unknown}
 i - 4 scrolls of identify
 k - 3 scrolls of teleportation {unknown}
 m - a scroll of immolation {unknown}
 n - 3 scrolls of poison
 o - a scroll of fear {unknown}
 p - 2 scrolls of enchant armour {unknown}
Potions
 a - a potion of magic
 b - a potion of attraction
 d - a potion of heal wounds {unknown}
 e - a potion of curing {unknown}
 g - a potion of might {unknown}
 j - a potion of lignification {unknown}
 q - a potion of berserk rage {unknown}
 r - a potion of brilliance {unknown}
 t - a potion of experience {unknown}
 v - a potion of mutation {unknown}
 x - a potion of degeneration {unknown}


   Skills:
 + Level 2.1 Fighting
 + Level 3.1 Dodging
 + Level 4.2 Stealth
 + Level 2.9 Spellcasting
 * Level 2.6 Conjurations
 - Level 1.0 Transmutations
 * Level 4.6 Earth Magic


You had 6 spell levels left.
You knew the following spells:

 Your Spells              Type           Power      Damage    Failure   Level
a - Sandblast             Erth           38%        2d10      2%          1
b - Stone Arrow           Conj/Erth      30%        3d8       11%         3

Your spell library contained the following spells:

 Spells                   Type           Power      Damage    Failure   Level
 Passwall                 Tmut/Erth      10%        N/A       8%          2
 Petrify                  Tmut/Erth      12%        N/A       45%         4


Dungeon Overview and Level Annotations

Branches:
Dungeon (4/15)              Sewer (1/1)
 Temple: D:4-7

Altars:
Makhleb
Xom
The Shining One

Shops:
D:4 =


Innate Abilities, Weirdness & Mutations

You cannot wear most types of armour.
You are amphibious.
You can wear up to eight rings at the same time.
Your skin changes colour to match your surroundings (Stealth+).
Your rubbery body absorbs attacks. (AC +1, EV +1)
You are camouflaged when in or above water. (Stealth+)
You have tentacles for arms and can constrict up to eight enemies at once.


Message History

The stone arrow hits the hell rat!
The hell rat is severely wounded.
Casting: Stone Arrow (dangerous; 11% risk of failure)
Confirm with . or Enter, or press ? or * to list all spells.
Aiming: Stone Arrow (dangerous; 11% risk of failure)
Press: ? - help, Shift-Dir - straight line, f/p - hell rat
Aim: a hell rat (severely wounded, 68% to hit)
The stone arrow hits the hell rat.
The hell rat is almost dead.
The hell rat bites you!!
You feel drained.
Casting: Stone Arrow (dangerous; 11% risk of failure)
Confirm with . or Enter, or press ? or * to list all spells.
Aiming: Stone Arrow (dangerous; 11% risk of failure)
Press: ? - help, Shift-Dir - straight line, f/p - hell rat
Aim: a hell rat (almost dead, 68% to hit)
You miscast Stone Arrow.
You are very lightly contaminated with residual magic.
Nothing appears to happen.
The hell rat bites you.
You feel drained.
The hell rat splashes around in the water.
Casting: Stone Arrow (quite dangerous; 11% risk of failure)
Confirm with . or Enter, or press ? or * to list all spells.
You don't have enough magic to cast this spell.
Unknown command.
Unknown command.
Casting: Stone Arrow (quite dangerous; 11% risk of failure)
Confirm with . or Enter, or press ? or * to list all spells.
You don't have enough magic to cast this spell.
Unknown command.
Aiming: Sandblast (safe; 2% risk of failure)
Press: ? - help, Q - select action, (/) - cycle Shift-Dir - straight line, f/p - hell rat
Aim: a hell rat (almost dead, 82% to hit)
The blast of sand misses the hell rat.
The hell rat closely misses you.
Unknown command.
Aiming: Sandblast (safe; 2% risk of failure)
Press: ? - help, Q - select action, (/) - cycle Shift-Dir - straight line, f/p - hell rat
Aim: a hell rat (almost dead, 82% to hit)
The blast of sand misses the hell rat.
The hell rat bites you. The hell rat bites you!
You die...

#########
###.~~~~@~###
#~~.~.~r.~~~###
~~~.##'##~.~..#
.~ #.~ ###...##
~~~~ ##~~.# ~
...~~ #..~#
~.##.!!! ##†..#
~..###?∩
###...##
.~~.~#####.~~~~#


You could see a hell rat.

Vanquished Creatures
  A scorpion (D:4)
  An orc priest (D:3)
  2 orc wizards
  A scorpion zombie (D:3)
  2 hound skeletons (D:3)
  A gnoll (D:1)
  5 adders
  2 river rats (Sewer)
  An adder zombie (D:3)
  3 worms
  A dart slug (D:1)
  13 orcs
  6 ball pythons
  11 endoplasms
  9 giant cockroaches
  3 goblins
  3 hobgoblins
  6 jackals
  4 quokkas
  A ball python zombie (D:3)
  8 bats
  3 frilled lizards
  6 kobolds
  A quokka skeleton (D:3)
  7 rats
101 creatures vanquished.

Notes
Turn   | Place    | Note
-------+----------+-------------------------------------------
     0 | D:1      | LustLizard the Octopode Earth Elementalist began the quest
                  | for the Orb.
     0 | D:1      | Reached XP level 1. HP: 11/11 MP: 3/3
   326 | D:1      | Reached XP level 2. HP: 17/17 MP: 1/5
   514 | D:1      | Reached XP level 3. HP: 22/22 MP: 0/6
   691 | D:1      | Learned a level 3 spell: Stone Arrow
  1319 | D:2      | Reached skill level 1 in Fighting
  1645 | D:2      | Found a shimmering altar of Xom.
  1661 | D:2      | Reached XP level 4. HP: 28/28 MP: 5/7
  2223 | D:3      | Found a faded altar of an unknown god.
  2320 | D:3      | Reached skill level 1 in Conjurations
  2504 | D:3      | Reached XP level 5. HP: 20/33 MP: 6/8
  3105 | D:3      | Reached XP level 6. HP: 31/39 MP: 7/10
  3243 | D:4      | Found a glowing golden altar of the Shining One.
  3243 | D:4      | Found a burning altar of Makhleb.
  3244 | D:4      | Found the sphere of Battle
  3415 | D:4      | Found a glowing drain.
  3476 | D:4      | Found Vuizups's Jewellery Shop.
  3523 | Sewer    | Entered a sewer
  3641 | Sewer    | Slain by a hell rat

Illustrated notes

Levels and vault maps discovered:
D:1:      erik_arrival_triangle_huge, layout_loops_ring, serial_aquarium,
          aquarium_bridge_square [aquarium_subvault_balcony,
          aquarium_subvault_wall, aquarium_subvault_bridge,
          aquarium_subvault_wall], aquarium_window_1, aquarium_window_3,
          aquarium_view_2b, aquarium_pool_2
D:2:      layout_basic, basic_altar, serial_forest, infiniplex_forest_pool,
          infiniplex_forest_lined_2, infiniplex_forest_end_3,
          infiniplex_forest_straight_2, infiniplex_forest_pool,
          infiniplex_forest_straight_5, infiniplex_forest_clump_tiny,
          infiniplex_forest_lined_3, infiniplex_forest_side_room
D:3:      layout_loops_ring, serial_undead, serial_undead_a, serial_undead_c,
          serial_undead_a, serial_undead_b, serial_undead_e, serial_undead_f,
          nicolae_ecumenical_oubliette
D:4:      layout_basic, amcnicky_altar_gilded, grunt_temple_overflow_open,
          serial_shops, shop, gup_sewer_entry_glass, minmay_misc_feat_tower,
          uniq_ijyb
Sewer:    sewer_hellmonk_bad_rat

Skill      XL: |  1  2  3  4  5  6 |
---------------+-------------------+-----
Stealth        | 3 4 |  4.2
Fighting       | 1 2 |  2.1
Conjurations   | 1 2 |  2.6
Earth Magic    | 4 |  4.6
Dodging        | 3 |  3.1
Spellcasting   | |  2.9
Transmutations | |  1.0

Action                     |  1- 3 |  4- 6 || total
---------------------------+-------+-------++-------
  Melee: Unarmed           |     1 |     8 ||     9
         Constrict         |     1 |     4 ||     5
         Tentacles         |     1 |     1 ||     2
   Cast: Sandblast         |    49 |   133 ||   182
         Stone Arrow       |       |     2 ||     2
    Use: Scroll            |       |     2 ||     2
   Stab: Sleeping          |     1 |       ||     1
 Armour: Skin              |       |     5 ||     5
  Dodge: Dodged            |     9 |    54 ||    63
